MLB
TEXAS RANGERS @ CALIFORNIA ANGELS
08/22/2048
 
TOP OF THE 1ST
Texas Rangers batting - Pitching for California Angels : RHP Erick Vazquez
Pitching: RHP Erick Vazquez
Batting: LHB Sean Geisler 0-0: Ground out 6-3 (Groundball, 6, EV 86.9 MPH)
Batting: RHB Butch Kaiser 0-0: Foul Ball, location: 2F
0-1: Foul Ball, location: 2F
0-2: Foul Ball, location: 2F
0-2: Ball
1-2: Ball
2-2: Foul Ball, location: 2F
2-2: Strikes out swinging
Batting: SHB John Giesbrecht 0-0: Called Strike
0-1: Called Strike
0-2: Ball
1-2: Ground out 5-3 (Groundball, 5L, EV 85.0 MPH)
Top of the 1st over - 0 runs, 0 hits, 0 errors, 0 left on base; Texas 0 - California 0
BOTTOM OF THE 1ST
California Angels batting - Pitching for Texas Rangers : RHP Gavin Nelson
Pitching: RHP Gavin Nelson
Batting: RHB Ruben Velasco 0-0: Called Strike
0-1: Ball
1-1: Fly out, F9 (Flyball, 9LSF, EV 87.5 MPH)
Batting: RHB Bjoern Waltersson 0-0: Called Strike
0-1: Foul Ball, location: 2F
0-2: Strikes out swinging
Batting: RHB Preston Deakyne 0-0: Called Strike
0-1: Ball
1-1: Called Strike
1-2: Strikes out swinging, 2-3 out at first.
Bottom of the 1st over - 0 runs, 0 hits, 0 errors, 0 left on base; Texas 0 - California 0
TOP OF THE 2ND
Texas Rangers batting - Pitching for California Angels : RHP Erick Vazquez
Batting: SHB Vince Ealy 0-0: Ball
1-0: Foul Ball, location: 2F
1-1: Foul Ball, location: 2F
1-2: Fly out, F8 (Flyball, 8LD, EV 103.1 MPH)
Batting: RHB Marc Peckermark 0-0: Ball
1-0: Called Strike
1-1: Ball
2-1: Foul Ball, location: 2F
2-2: Foul Ball, location: 2F
2-2: Ball
3-2: Strikes out looking
Batting: RHB Ray Llewellyn 0-0: Foul Ball, location: 2F
0-1: SINGLE (Groundball, 4MD, EV 110.0 MPH)
Batting: RHB Blake Ballard 0-0: Called Strike
Ray Llewellyn steals 2nd base
0-1: Foul Ball, location: 2F
0-2: Foul Ball, location: 2F
0-2: Ball
1-2: Foul Ball, location: 2F
1-2: Foul Ball, location: 2F
1-2: Foul Ball, location: 2F
1-2: Strikes out looking
Top of the 2nd over - 0 runs, 1 hit, 0 errors, 1 left on base; Texas 0 - California 0
BOTTOM OF THE 2ND
California Angels batting - Pitching for Texas Rangers : RHP Gavin Nelson
Batting: LHB Rusty Ney 0-0: Called Strike
0-1: SINGLE (Groundball, 4D, EV 105.6 MPH)
Batting: LHB James McCauley 0-0: Foul Ball, location: 2F
0-1: Fly out, F7 (Flyball, 7D, EV 79.4 MPH)
Batting: RHB Mike Harkins 0-0: Fielders Choice at 2nd, 4-6 (Groundball, 13, EV 86.2 MPH)
Batting: LHB Javier Trujillo 0-0: Ball
Wild Pitch!
Mike Harkins to second
1-0: Ball
2-0: Called Strike
2-1: Called Strike
2-2: Fly out, F4 (Flyball, 34D, EV 92.5 MPH)
Bottom of the 2nd over - 0 runs, 1 hit, 0 errors, 1 left on base; Texas 0 - California 0
TOP OF THE 3RD
Texas Rangers batting - Pitching for California Angels : RHP Erick Vazquez
Batting: RHB Zhao-ji Chi 0-0: Called Strike
0-1: Ball
1-1: Swinging Strike
1-2: Strikes out looking
Batting: RHB Chris Torlak 0-0: Called Strike
0-1: Called Strike
0-2: Ball
1-2: Ball
2-2: TRIPLE (Flyball, 89XD, EV 108.1 MPH)
Batting: LHB Sean Geisler 0-0: Called Strike
0-1: Ball
1-1: SINGLE (Line Drive, 9S, EV 99.4 MPH)
Chris Torlak scores
Batting: RHB Butch Kaiser 0-0: Called Strike
Sean Geisler steals 2nd base (no throw)
0-1: Foul Ball, location: 2F
0-2: Ball
1-2: Ground out 1-3 (Groundball, 34S, EV 63.1 MPH)
Sean Geisler to third
Batting: SHB John Giesbrecht 0-0: Called Strike
0-1: Ball
1-1: Ball
2-1: Foul Ball, location: 2F
2-2: Strikes out swinging
Top of the 3rd over - 1 run, 2 hits, 0 errors, 1 left on base; Texas 1 - California 0
BOTTOM OF THE 3RD
California Angels batting - Pitching for Texas Rangers : RHP Gavin Nelson
Batting: RHB Avery Maxwell 0-0: Ball
1-0: Ball
2-0: Ball
3-0: Called Strike
3-1: Swinging Strike
3-2: Foul Ball, location: 2F
3-2: Strikes out swinging
Batting: LHB Justin Alexander 0-0: Ball
1-0: Called Strike
1-1: Fly out, F9 (Line Drive, 89M, EV 88.8 MPH)
Batting: RHB Ruben Velasco 0-0: Called Strike
0-1: Swinging Strike
0-2: Ground out 1-3 (Groundball, 15, EV 68.1 MPH)
Bottom of the 3rd over - 0 runs, 0 hits, 0 errors, 0 left on base; Texas 1 - California 0
TOP OF THE 4TH
Texas Rangers batting - Pitching for California Angels : RHP Erick Vazquez
Batting: SHB Vince Ealy 0-0: Called Strike
0-1: Ball
1-1: Called Strike
1-2: Strikes out swinging
Batting: RHB Marc Peckermark 0-0: Fly out, F7 (Flyball, 7D, EV 95.6 MPH)
Batting: RHB Ray Llewellyn 0-0: Called Strike
0-1: Foul Ball, location: 2F
0-2: Ball
1-2: Foul Ball, location: 2F
1-2: Ball
2-2: Ball
3-2: Foul Ball, location: 2F
3-2: Base on Balls
Batting: RHB Blake Ballard 0-0: Ball
Ray Llewellyn is caught stealing 2nd base 2-4
Top of the 4th over - 0 runs, 0 hits, 0 errors, 0 left on base; Texas 1 - California 0
BOTTOM OF THE 4TH
California Angels batting - Pitching for Texas Rangers : RHP Gavin Nelson
Batting: RHB Bjoern Waltersson 0-0: Ball
1-0: Fly out, F7 (Flyball, 78S, EV 94.4 MPH)
Batting: RHB Preston Deakyne 0-0: Called Strike
0-1: Swinging Strike
0-2: Ball
1-2: Foul Ball, location: 2F
1-2: Strikes out swinging
Batting: LHB Rusty Ney 0-0: Ball
1-0: Ball
2-0: Swinging Strike
2-1: Ball
3-1: Called Strike
3-2: Base on Balls
Batting: LHB James McCauley 0-0: Ground out U3 (Groundball, 3, EV 85.6 MPH)
Bottom of the 4th over - 0 runs, 0 hits, 0 errors, 1 left on base; Texas 1 - California 0
TOP OF THE 5TH
Texas Rangers batting - Pitching for California Angels : RHP Erick Vazquez
Batting: RHB Blake Ballard 0-0: Called Strike
0-1: Ball
1-1: Ball
2-1: Swinging Strike
2-2: Foul Ball, location: 2F
2-2: Foul Ball, location: 2F
2-2: Ball
3-2: Fly out, F7 (Flyball, 7LSF, EV 83.8 MPH)
Batting: RHB Zhao-ji Chi 0-0: Fly out, F8 (Flyball, 89XD, EV 89.4 MPH)
Batting: RHB Chris Torlak 0-0: Ground out U3 (Groundball, 34, EV 83.8 MPH)
Top of the 5th over - 0 runs, 0 hits, 0 errors, 0 left on base; Texas 1 - California 0
BOTTOM OF THE 5TH
California Angels batting - Pitching for Texas Rangers : RHP Gavin Nelson
Batting: RHB Mike Harkins 0-0: Ball
1-0: Ball
2-0: Ground out 6-3 (Groundball, 6, EV 88.8 MPH)
Batting: LHB Javier Trujillo 0-0: Called Strike
0-1: Foul Ball, location: 2F
0-2: SINGLE (Flyball, 78S, EV 95.0 MPH)
Batting: RHB Avery Maxwell 0-0: Ground out 4-3 (Groundball, 13, EV 80.0 MPH)
Javier Trujillo to second
Batting: LHB Justin Alexander 0-0: Called Strike
0-1: Swinging Strike
0-2: Strikes out looking
Bottom of the 5th over - 0 runs, 1 hit, 0 errors, 1 left on base; Texas 1 - California 0
TOP OF THE 6TH
Texas Rangers batting - Pitching for California Angels : RHP Erick Vazquez
Batting: LHB Sean Geisler 0-0: Called Strike
0-1: Ball
1-1: Foul Ball, location: 2F
1-2: Fly out, F4 (Line Drive, 4, EV 76.9 MPH)
Batting: RHB Butch Kaiser 0-0: Foul Ball, location: 2F
0-1: Ball
1-1: Swinging Strike
1-2: Foul Ball, location: 2F
1-2: Ball
2-2: DOUBLE (Flyball, 9LD, EV 101.2 MPH)
Batting: SHB John Giesbrecht 0-0: Ball
1-0: Ball
2-0: Called Strike
2-1: 2-RUN HOME RUN (Flyball, 78XD, EV 104.4 MPH), Distance : 420 ft
Batting: SHB Vince Ealy 0-0: Called Strike
0-1: Ground out 6-3 (Groundball, 6MS, EV 85.6 MPH)
Batting: RHB Marc Peckermark 0-0: Called Strike
0-1: Foul Ball, location: 2F
0-2: Foul Ball, location: 2F
0-2: Ball
1-2: Strikes out swinging
Top of the 6th over - 2 runs, 2 hits, 0 errors, 0 left on base; Texas 3 - California 0
BOTTOM OF THE 6TH
California Angels batting - Pitching for Texas Rangers : RHP Gavin Nelson
Batting: RHB Ruben Velasco 0-0: Ball
1-0: Ball
2-0: Ball
3-0: Swinging Strike
3-1: Base on Balls
Batting: RHB Bjoern Waltersson 0-0: Called Strike
0-1: Ball
1-1: Called Strike
1-2: Ground out 6-3 (Groundball, P, EV 86.2 MPH)
Ruben Velasco to second
Batting: RHB Preston Deakyne 0-0: Called Strike
0-1: Ball
1-1: Ball
2-1: Foul Ball, location: 2F
2-2: Ball
3-2: Strikes out swinging
Batting: LHB Rusty Ney 0-0: Foul Ball, location: 2F
0-1: Ball
1-1: Called Strike
1-2: Ball
2-2: Ball
3-2: Foul Ball, location: 2F
3-2: Fly out, F9 (Flyball, 9D, EV 106.2 MPH)
Bottom of the 6th over - 0 runs, 0 hits, 0 errors, 1 left on base; Texas 3 - California 0
TOP OF THE 7TH
Texas Rangers batting - Pitching for California Angels : RHP Erick Vazquez
Pitching: LHP Riichi Yamashita
Batting: RHB Ray Llewellyn 0-0: Ball
1-0: SINGLE (Line Drive, 8LS, EV 108.1 MPH)
Batting: RHB Blake Ballard 0-0: Ball
1-0: Ball
2-0: Sac Bunt to 23 - play at first, batter OUT! 3-4
Ray Llewellyn to second
Batting: RHB Zhao-ji Chi 0-0: Fly out, F4 (Popup, 3D, EV 71.2 MPH)
Batting: RHB Chris Torlak 0-0: Ball
1-0: Ball
2-0: Called Strike
2-1: Ground out 6-3 (Groundball, 6S, EV 78.1 MPH)
Top of the 7th over - 0 runs, 1 hit, 0 errors, 1 left on base; Texas 3 - California 0
BOTTOM OF THE 7TH
California Angels batting - Pitching for Texas Rangers : RHP Gavin Nelson
Batting: LHB James McCauley 0-0: Ball
1-0: Called Strike
1-1: Fly out, F7 (Flyball, 7D, EV 101.9 MPH)
Batting: RHB Mike Harkins 0-0: Fly out, F9 (Flyball, 9D, EV 99.4 MPH)
Batting: LHB Javier Trujillo 0-0: SINGLE (Line Drive, 5L, EV 94.4 MPH)
Batting: RHB Avery Maxwell 0-0: Ball
1-0: Ground out 1-3 (Groundball, 25, EV 64.4 MPH)
Bottom of the 7th over - 0 runs, 1 hit, 0 errors, 1 left on base; Texas 3 - California 0
TOP OF THE 8TH
Texas Rangers batting - Pitching for California Angels : LHP Riichi Yamashita
Batting: LHB Sean Geisler 0-0: Ball
1-0: Called Strike
1-1: SINGLE (Groundball, 13S, EV 64.4 MPH) (infield hit)
Batting: RHB Butch Kaiser 0-0: Ball
Sean Geisler steals 2nd base
1-0: Called Strike
1-1: Foul Ball, location: 2F
1-2: SINGLE (Line Drive, 9LS, EV 104.4 MPH)
Sean Geisler to third
Runner from 3rd tries for Home, throw by RF and OUT! 9-2
Batting: SHB John Giesbrecht 0-0: Ball
1-0: Called Strike
1-1: Foul Ball, location: 2F
1-2: SINGLE (Groundball, 56D, EV 96.2 MPH)
Butch Kaiser to second
Batting: SHB Vince Ealy 0-0: Called Strike
0-1: Called Strike
0-2: Ball
1-2: Ball
2-2: Foul Ball, location: 2F
2-2: Ball
3-2: 3-RUN HOME RUN (Flyball, 89XD, EV 98.8 MPH), Distance : 374 ft
Pitching: LHP Trevor Sharp
Batting: RHB Marc Peckermark 0-0: Foul Ball, location: 2F
0-1: Foul Ball, location: 2F
0-2: Ball
1-2: Strikes out swinging
Batting: RHB Ray Llewellyn 0-0: Swinging Strike
0-1: Foul Ball, location: 2F
0-2: Ball
1-2: Strikes out swinging
Top of the 8th over - 3 runs, 4 hits, 0 errors, 0 left on base; Texas 6 - California 0
BOTTOM OF THE 8TH
California Angels batting - Pitching for Texas Rangers : RHP Gavin Nelson
Batting: LHB Justin Alexander 0-0: Ground out 3-1 (Groundball, 34, EV 98.1 MPH)
Batting: RHB Ruben Velasco 0-0: Ground out 4-3 (Groundball, 4, EV 104.4 MPH)
Batting: RHB Bjoern Waltersson 0-0: Ball
1-0: Ball
2-0: Ground out 5-3 (Groundball, 56, EV 83.1 MPH)
Bottom of the 8th over - 0 runs, 0 hits, 0 errors, 0 left on base; Texas 6 - California 0
TOP OF THE 9TH
Texas Rangers batting - Pitching for California Angels : LHP Trevor Sharp
Batting: RHB Blake Ballard 0-0: Called Strike
0-1: Foul Ball, location: 2F
0-2: Ball
1-2: Ball
2-2: SINGLE (Line Drive, 4MD, EV 96.2 MPH)
Batting: RHB Zhao-ji Chi 0-0: Foul Ball, location: 2F
0-1: Fielders Choice at 2nd, 1-6 (Groundball, 13, EV 65.0 MPH)
Batting: RHB Chris Torlak 0-0: Foul Ball, location: 2F
0-1: Ball
1-1: Swinging Strike
1-2: Strikes out swinging
Batting: LHB Sean Geisler 0-0: Called Strike
0-1: Fly out, F9 (Flyball, 9, EV 92.5 MPH)
Top of the 9th over - 0 runs, 1 hit, 0 errors, 1 left on base; Texas 6 - California 0
BOTTOM OF THE 9TH
California Angels batting - Pitching for Texas Rangers : RHP Gavin Nelson
Batting: RHB Preston Deakyne 0-0: Ball
1-0: Ball
2-0: SINGLE (Groundball, 56D, EV 96.2 MPH)
Batting: LHB Rusty Ney 0-0: Grounds into double play, 5-4-3 (Groundball, 5, EV 103.1 MPH)
Batting: LHB James McCauley 0-0: Ball
1-0: Ball
2-0: Foul Ball, location: 2F
2-1: Ball
3-1: SINGLE (Line Drive, 7S, EV 92.5 MPH)
Batting: RHB Mike Harkins 0-0: Ball
1-0: Swinging Strike
1-1: Called Strike
1-2: Foul Ball, location: 2F
Pickoff Throw to First - Out! 1-3
Bottom of the 9th over - 0 runs, 2 hits, 0 errors, 0 left on base; Texas 6 - California 0
Tuesday, March 28th , 2023 - OOTP Baseball 23.10 Build 110